 Dungeon Crawl Stone Soup version 0.25-a0-294-gea9b1ad378 (webtiles) character file.

Game seed: 17471782854417878065, levelgen mode: deterministic

2024 bmfx the Digger (level 9, 0/49 HPs)
             Began as a Deep Elf Earth Elementalist on Dec 20, 2019.
             Was a Follower of Vehumet.
             Killed from afar by a manticore (7 damage)
             ... with a volley of spikes
             ... on level 6 of the Dungeon.
             The game lasted 00:20:59 (8294 turns).

bmfx the Digger (Deep Elf Earth Elementalist)       Turns: 8294, Time: 00:21:00

Health: 0/49       AC:  3    Str:  5    XL:     9   Next: 3%
Magic:  8/17       EV: 24    Int: 24    God:    Vehumet [*.....]
Gold:   376        SH:  0    Dex: 24    Spells: 5/16 levels left

rFire    . . .     SeeInvis .   v - +1 dagger (speed)
rCold    . . .     Gourm    .   (no shield)
rNeg     . . .     Faith    .   c - +0 robe
rPois    .         Spirit   .   f - +0 helmet
rElec    .         Reflect  .   (no cloak)
rCorr    .         Harm     +   (no gloves)
MR       .....                  (no boots)
Stlth    ++++......             p - amulet of harm (curse)
HPRegen  0.16/turn              D - +4 ring of dexterity
MPRegen  0.15/turn              (no ring)

@: agile, barbed spikes, very slightly contaminated, hasted, studying Unarmed
Combat, very quick
A: no striking features
a: Renounce Religion


You were on level 6 of the Dungeon.
You worshipped Vehumet.
Vehumet was aware of your devotion.
You were very hungry.

You visited 1 branch of the dungeon, and saw 6 of its levels.

You collected 376 gold pieces.

Dungeon Overview and Level Annotations

Branches:
Dungeon (6/15)
 Temple: D:4-7

Altars:
Ru
Uskayaw
Vehumet
Xom
Yredelemnul

Annotations:
D:4 exclusions: gnoll and skeleton, Menkaure
D:6 2 runed translucent doors


   Skills:
 - Level 2.4 Fighting
 + Level 7.7 Dodging
 - Level 4.0 Stealth
 - Level 4.0 Spellcasting
 - Level 1.1 Transmutations
 - Level 7.7 Earth Magic
 + Level 6.8 Evocations


You had 5 spell levels left.
You knew the following spells:

 Your Spells              Type           Power        Failure   Level  Hunger
w - Passwall              Tmut/Erth      ####....     2%          2    #......
A - Sandblast             Erth           #####.       1%          1    None
B - Stone Arrow           Conj/Erth      ###...       6%          3    ##.....
C - Lee's Rapid Deconstr  Erth           #####.....   12%         5    ######.

Your spell library contained the following spells:

 Spells                   Type           Power        Failure   Level  Hunger
 Shock                    Conj/Air       #...         10%         1    None
 Swiftness                Chrm/Air       #.......     14%         2    #......
 Petrify                  Tmut/Erth      ####....     16%         4    ####...
 Static Discharge         Conj/Air       #.......     28%         3    ##.....
 Airstrike                Air            #.........   67%         4    ####...
 Lightning Bolt           Conj/Air       #.........   95%         5    ######.

Action                   |  1- 3 |  4- 6 |  7- 9 || total
-------------------------+-------+-------+-------++-------
Melee: Dagger            |    22 |    22 |    10 ||    54
Throw: Stone             |     2 |    10 |    12 ||    24
 Cast: Sandblast         |    42 |    42 |    12 ||    96
       Passwall          |     5 |       |     1 ||     6
       Stone Arrow       |       |    52 |    72 ||   124
       Lee's Rapid Decon |       |       |     1 ||     1
Evoke: Wand              |       |       |     1 ||     1
  Use: Scroll            |     1 |     4 |     6 ||    11
       Potion            |       |       |     2 ||     2
 Stab: Sleeping          |     7 |     5 |     7 ||    19
       Paralysed         |       |     1 |       ||     1
  Eat: Chunk             |     2 |    13 |    12 ||    27
       Ration            |       |       |     1 ||     1
Armor: Robe              |     4 |     8 |       ||    12
Dodge: Dodged            |    18 |    18 |    11 ||    47

Skill      XL: |  1  2  3  4  5  6  7  8 |
---------------+-------------------------+-----
Stealth        | 3 4 |  4.0
Earth Magic    | 4 5 6 7 |  7.7
Spellcasting   | 4 |  4.0
Fighting       | 2 |  2.4
Evocations     | 3 6 |  6.8
Dodging        | 4 7 |  7.7
Transmutations | |  1.1

Inventory:

Hand Weapons
 v - a +1 dagger of speed (weapon)
Missiles
 b - 155 stones (quivered)
 B - a throwing net {!f}
Armour
 c - a +0 robe (worn)
 f - a +0 helmet (worn)
 C - the +1 pair of boots of Zatehum {Int-5 Dex+6}
   (You found it on level 4 of the Dungeon)

   It affects your intelligence (-5).
   It affects your dexterity (+6).
Jewellery
 o - a +3 amulet of reflection
 p - a cursed amulet of harm (around neck)
 D - a +4 ring of dexterity (left hand)
 I - an uncursed ring of magical power {unknown}
Wands
 g - a wand of acid (5)
 q - a wand of flame (12)
 r - a wand of random effects (33)
 y - a wand of polymorph (8)
Scrolls
 e - a scroll of remove curse {@r4}
 k - 5 scrolls of amnesia
 n - a scroll of enchant armour {unknown}
 s - a scroll of blinking {@r2}
 t - 3 scrolls of teleportation
 u - 6 scrolls of fear
 w - 2 scrolls of noise {unknown}
 E - a scroll of identify {@r3}
 G - a scroll of fog {unknown}
Potions
 a - 8 potions of curing {unknown}
 h - 2 potions of magic
 l - 2 potions of lignification {unknown}
 m - 2 potions of heal wounds {unknown}
 x - a potion of ambrosia {unknown}
 z - a potion of mutation
 A - a potion of brilliance
 F - a potion of resistance
Books
 H - a manual of Unarmed Combat
Comestibles
 d - 10 rations

##.....##
#.......#
#'###...#
#...##..#####
##.#.#......#
#.##.#.####.#
# ##.#.#....#
#.H###.#..#.#
#../@##..#<#
######...#.#
...##### +...
####


You could see a manticore.

Vanquished Creatures
  Pikel (D:5)
  Grinder (D:3)
  3 slaves (D:5)
  An ice beast (D:5)
  A sky beast (D:5)
  A phantom (D:5)
  4 ogres
  A scorpion (D:4)
  A crimson imp (D:5)
  A gnoll shaman (D:4)
  3 hounds
  3 bullfrog skeletons
  Ijyb (D:3)
  Terence (D:2)
  An orc wizard (D:3)
  5 worker ants
  Robin (D:2)
  12 adders
  6 gnolls
  An ooze (D:2)
  6 worms
  4 dart slugs
  3 leopard geckos
  15 orcs
  11 bats
  7 giant cockroaches
  19 goblins
  10 hobgoblins
  8 jackals
  7 quokkas
  3 frilled lizards
  11 kobolds
  A leopard gecko skeleton (D:5)
  A leopard gecko zombie (D:5)
  5 rats
  A spectral orc (D:4)
  A butterfly (D:3)
162 creatures vanquished.

Vanquished Creatures (others)
  A goblin (D:3)
1 creature vanquished.

Grand Total: 163 creatures vanquished

Levels and vault maps discovered:
D:1:      dpeg_arrival_chase, layout_basic
D:2:      minmay_door_path, layout_basic, marbit_many_paths, first_ration,
          st_stairs_12, minmay_misc_feat_cross, minmay_joined_circles,
          uniq_robin, uniq_terence
D:3:      layout_rooms, xom_butterflies, nicolae_ru_great_annihilating_truth,
          old_standard_altar, hex_large, lemuel_another_geyser, uniq_ijyb,
          uniq_grinder
D:4:      layout_cave_pools, yredelemnul_forgotten_temple_becter,
          minmay_diced_spiral, uniq_menkaure
D:5:      minmay_recursive_quarters, layout_loops_ring, minmay_manual_mullet,
          uniq_pikel
D:6:      layout_basic, grunt_temple_overflow_gold_and_silver, basic_altar,
          minmay_hollow_rounded_squares


Message History

You feel yourself speed up.
The manticore flicks its tail.
The volley of spikes hits you!!
The barbed spikes become lodged in your body.
* * * LOW HITPOINT WARNING * * *
Okay, then.
Evoke which item? (* to show all) (? for menu, Esc to quit)
Okay, then.
Casting: Stone Arrow (safe; 6% risk of failure)
Confirm with . or Enter, or press ? or * to list all spells.
Aiming: Sandblast (safe; 1% risk of failure)
Press: ? - help, Shift-Dir - straight line, f - manticore
Aim: a manticore The blast of sand hits the manticore!
The manticore is moderately wounded.
b - 155 stones The manticore flicks its tail.
The volley of spikes hits you.
The barbed spikes become lodged in your body.
You die...

Notes
Turn   | Place    | Note
-------+----------+-------------------------------------------
     0 | D:1      | bmfx the Deep Elf Earth Elementalist began the quest for
                  | the Orb.
     0 | D:1      | Reached XP level 1. HP: 10/10 MP: 6/6
   244 | D:1      | Reached XP level 2. HP: 12/15 MP: 6/8
   248 | D:1      | Learned a level 2 spell: Passwall
  1057 | D:2      | Noticed Robin
  1061 | D:1      | Reached XP level 3. HP: 15/19 MP: 6/9
  1139 | D:2      | Noticed Terence
  1658 | D:2      | Reached XP level 4. HP: 24/24 MP: 7/11
  1945 | D:2      | Killed Robin
  2156 | D:2      | Learned a level 3 spell: Stone Arrow
  2210 | D:2      | Reached skill level 5 in Earth Magic
  2376 | D:2      | Reached XP level 5. HP: 28/28 MP: 3/13
  3022 | D:2      | Found a hide-covered altar of Uskayaw.
  3318 | D:3      | Found a shimmering altar of Xom.
  3802 | D:3      | Noticed Ijyb
  3878 | D:3      | Killed Ijyb
  3986 | D:3      | Found a sacrificial altar of Ru.
  3995 | D:3      | Reached XP level 6. HP: 33/33 MP: 7/14
  4235 | D:3      | Noticed Grinder
  4252 | D:3      | Killed Grinder
  4629 | D:3      | Found a radiant altar of Vehumet.
  4640 | D:3      | Became a worshipper of Vehumet
  4768 | D:3      | Reached XP level 7. HP: 40/40 MP: 10/15
  4817 | D:3      | Learned a level 5 spell: Lee's Rapid Deconstruction
  5045 | D:2      | Killed Terence
  5123 | D:4      | Reached skill level 1 in Evocations
  5514 | D:4      | Got a pair of scorched boots
  5524 | D:4      | Identified the +1 pair of boots of Zatehum {Int-5 Dex+6}
                  | (You found it on level 4 of the Dungeon)
  6061 | D:4      | Noticed Menkaure
  6071 | D:4      | Reached * piety under Vehumet
  6071 | D:4      | Offered knowledge of Shock by Vehumet.
  6321 | D:4      | Found a basalt altar of Yredelemnul.
  6625 | D:5      | Entered Level 5 of the Dungeon
  6671 | D:5      | Reached XP level 8. HP: 45/45 MP: 9/16
  6853 | D:5      | Reached skill level 5 in Dodging
  7203 | D:5      | Reached skill level 5 in Evocations
  8007 | D:5      | Noticed Pikel
  8141 | D:5      | Killed Pikel
  8141 | D:5      | Reached XP level 9. HP: 49/49 MP: 8/17
  8262 | D:6      | Found a large runed translucent door.
  8262 | D:6      | Found a large runed translucent door.
  8270 | D:6      | Noticed an efreet
  8291 | D:6      | Noticed a manticore
  8294 | D:6      | Killed from afar by a manticore
